 Dungeon Crawl Stone Soup version 0.26.1-11-gd32895ea62 (webtiles) character file.

Game seed: 18407662692522450889

52 nothank2 the Slasher (level 3, -9/31 HPs)
             Began as a Minotaur Fighter on June 24, 2021.
             Killed from afar by a white imp (10 damage)
             ... with a puff of frost
             ... summoned by Natasha
             ... on level 2 of the Dungeon.
             The game lasted 00:01:27 (929 turns).

nothank2 the Slasher (Minotaur Fighter)              Turns: 929, Time: 00:01:27

Health: -9/31      AC:  6    Str: 21    XL:     3   Next: 60%
Magic:  2/2        EV:  7    Int:  5    God:
Gold:   93         SH:  9    Dex:  9    Spells: 2/2 levels left

rFire    . . .     SeeInvis .   a - +0 long sword
rCold    . . .     Faith    .   c - +0 kite shield
rNeg     . . .     Spirit   .   b - +0 scale mail
rPois    .         Reflect  .   (helmet restricted)
rElec    .         Harm     .   (no cloak)
rCorr    .         Rampage  .   (no gloves)
Will     .....                  (no boots)
Stlth    ..........             (no amulet)
HPRegen  0.10/turn              (no ring)
MPRegen  0.08/turn              (no ring)

@: no status effects
A: retaliatory headbutt, horns 2
a: no special abilities


You were on level 2 of the Dungeon.
You visited 1 branch of the dungeon, and saw 2 of its levels.

You collected 93 gold pieces.

Inventory:

Hand Weapons
 a - a +0 long sword (weapon)
 h - a +0 short sword of holy wrath
Armour
 b - a +0 scale mail (worn)
 c - a +0 kite shield (worn)
Scrolls
 e - 2 scrolls of identify {unknown}
 f - a scroll of blinking {unknown}
 j - a scroll of enchant armour {unknown}
 k - a scroll of amnesia {unknown}
Potions
 d - a potion of might
 g - a potion of invisibility {unknown}
 i - a potion of flight {unknown}
 l - a potion of lignification {unknown}


   Skills:
 - Level 3.6 Fighting
 + Level 4.9 Long Blades
 - Level 3.6 Armour
 - Level 3.6 Shields


You had 2 spell levels left.
You didn't know any spells.
Your spell library was empty.

Dungeon Overview and Level Annotations

Branches:
Dungeon (2/15)

Altars:
Vehumet

Annotations:
D:2 Natasha


Innate Abilities, Weirdness & Mutations

You reflexively headbutt those who attack you in melee.
You have a pair of horns on your head.


Message History

You barely miss Natasha. Natasha claws you.
You slash Natasha!
Natasha is severely wounded.
Natasha claws you!
You are too injured to fight recklessly!
You are too injured to fight recklessly!
You closely miss Natasha. Your headbutt misses Natasha.
Natasha is severely wounded.
Natasha mumbles some strange words.
Natasha casts a spell.
You closely miss Natasha.
Natasha is severely wounded.
Natasha claws you. The white imp gestures at you. The puff of frost hits you!
* * * LOW HITPOINT WARNING * * *
You closely miss Natasha.
Natasha is severely wounded.
The white imp gestures at you. The puff of frost hits you!
You die...

#.#....# #.###########
...#.....###.#.........#
.. ..###...#.#.........#
.#. ##...#.........#
##..#.........#
##...........#
#..#...#... ....###.##
.......#.@.#
.........5h5.....#
........#...#..###
.......###.###.#
........ ... .# ... ...
# .. ... .....


You could see Natasha, a crimson imp (summoned) and a white imp (summoned).

Vanquished Creatures
  Natasha (D:2)
  A worm (D:2)
  2 giant cockroaches (D:1)
  5 goblins
  4 hobgoblins (D:1)
  3 bats (D:1)
  4 kobolds
  4 rats (D:1)
24 creatures vanquished.

Notes
Turn   | Place    | Note
-------+----------+-------------------------------------------
     0 | D:1      | nothank2 the Minotaur Fighter began the quest for the Orb.
     0 | D:1      | Reached XP level 1. HP: 19/19 MP: 0/0
    49 | D:1      | Reached skill level 3 in Long Blades
   102 | D:1      | Reached XP level 2. HP: 26/26 MP: 1/1
   478 | D:1      | Reached skill level 4 in Long Blades
   604 | D:2      | Reached XP level 3. HP: 29/31 MP: 2/2
   673 | D:2      | Noticed Natasha
   681 | D:2      | Killed Natasha
   921 | D:2      | Found a radiant altar of Vehumet.
   921 | D:2      | Noticed Natasha
   928 | D:2      | HP: 1/31 [white imp/puff of frost[Natasha] (10)]
   929 | D:2      | Killed from afar by a white imp

Illustrated notes

Levels and vault maps discovered:
D:1:      sevenhm_arrival_forest_fort_small_5, layout_basic
D:2:      wander_river, layout_basic, vehumet_crystals, minmay_hexomino_f4,
          uniq_natasha

Skill      XL: |  1  2 |
---------------+-------+-----
Long Blades    | 3 4 |  4.9
Fighting       | |  3.6
Armour         | |  3.6
Shields        | |  3.6

Action                   || total
-------------------------++-------
Melee: Long sword        ||    62
       Headbutt          ||     7
Armor: Scale mail        ||    27
Dodge: Dodged            ||    16
Block: Kite shield       ||    22
       Rpst.: Long sword ||     7
